[Event "Titled Tuesday Blitz May 25 2021"]
[White "Song, Julien"]
[Black "Bologan, Victor"]
[WhiteFideId "659487"]
[BlackFideId "13900048"]
[WhiteElo "2225"]
[BlackElo "2511"]
[Result "1-0"]
[Round "02"]
[TimeControl "180+1"]
[Date "2021.05.25"]
[WhiteClock "0:00:10"]
[BlackClock "0:00:17"]

1. d4 d6 2. Nf3 Nf6 3. c4 g6 4. Nc3 Bf5 5. Nh4 Bd7 6. Qb3 Qc8 7. e4 Nc6 8. Nf3 Bg4 9. Be3 Bg7 10. Be2 O-O 11. d5 Na5 12. Qa4 b6 13. Rc1 c5 14. h3 Bd7 15. Qc2 e5 16. g4 h5 17. g5 Nh7 18. h4 f6 19. Kd2 fxg5 20. Nxg5 Nxg5 21. hxg5 Rf4 22. b3 Qf8 23. Rcf1 a6 24. Qd3 b5 25. Bxf4 exf4 26. Bf3 Qe8 27. e5 Qxe5 28. Re1 Qd4 29. Qxd4 Bxd4 30. Re7 Rd8 31. Be2 Bxf2 32. Ne4 Be3+ 33. Kd1 Bf5 34. Nf6+ Kf8 35. Ra7 Bd4 36. Bxh5 bxc4 37. Bxg6 1-0


[Site "https://www.chess.com"]

[Event "Titled Tuesday Blitz May 25 2021"]
[White "Spata, German"]
[Black "Annaberdiyev, Babageldi"]
[WhiteFideId "113026"]
[BlackFideId "14000385"]
[WhiteElo "2238"]
[BlackElo "2332"]
[Result "0-1"]
[Round "02"]
[TimeControl "180+1"]
[Date "2021.05.25"]
[WhiteClock "0:00:05"]
[BlackClock "0:00:11"]

1. Nf3 Nf6 2. b3 g6 3. Bb2 Bg7 4. e3 O-O 5. Be2 d6 6. d4 Nbd7 7. O-O e5 8. dxe5 Ng4 9. c4 Ngxe5 10. Nc3 a5 11. Qd2 Nc5 12. Rad1 Bf5 13. Nd4 Bd3 14. Nf3 Nxf3+ 15. gxf3 Bxe2 16. Qxe2 Qg5+ 17. Kh1 Qh5 18. Rd2 a4 19. b4 Ne6 20. Nd5 Ng5 21. Bxg7 Kxg7 22. Nf4 Qxf3+ 23. Qxf3 Nxf3 24. Rc2 a3 25. Nd5 c6 26. Nc3 Ne5 27. Ne4 Rfd8 28. Rd1 d5 29. cxd5 Rxd5 30. Rxd5 cxd5 31. Nd6 Ra4 32. Rc7 Rxb4 33. f4 Nc4 34. Nxf7 Kf8 35. Ng5 Nxe3 36. Ne6+ Kg8 37. Rg7+ Kh8 38. Re7 Rb1# 0-1


[Site "https://www.chess.com"]

[Event "Titled Tuesday Blitz May 25 2021"]
[White "Spyropoulos, Nikolaos"]
[Black "Pridorozhni, Aleksei"]
[WhiteFideId "4298977"]
[BlackFideId "4127870"]
[WhiteElo "2159"]
[BlackElo "2565"]
[Result "0-1"]
[Round "02"]
[TimeControl "180+1"]
[Date "2021.05.25"]
[WhiteClock "0:00:08"]
[BlackClock "0:00:10"]

1. e4 c5 2. Nf3 e6 3. d4 cxd4 4. Nxd4 Nf6 5. Nc3 Nc6 6. Ndb5 Bc5 7. Bf4 O-O 8. Bc7 Qe7 9. Bd6 Bxd6 10. Qxd6 Qd8 11. Nc7 Rb8 12. Be2 b5 13. Bxb5 Rb6 14. Qg3 Nd4 15. Bd3 d6 16. N7b5 Nxb5 17. Bxb5 Nxe4 18. Nxe4 Rxb5 19. Nxd6 Qa5+ 20. b4 Re5+ 21. Kf1 Ba6+ 22. Kg1 Qd5 23. b5 Rg5 24. Qh3 Qxd6 25. bxa6 Rc8 26. Qf3 Rgc5 27. g3 Rxc2 28. Kg2 Qxa6 29. Rhd1 Rxa2 30. Rd7 Rf8 31. Rc1 Ra4 32. Rcc7 Ra1 33. Rd3 g6 34. Rxf7 Rxf7 35. Rd8+ Kg7 36. Qc3+ e5 37. Qxe5+ Qf6 38. Qe3 Qxd8 0-1


[Site "https://www.chess.com"]

[Event "Titled Tuesday Blitz May 25 2021"]
[White "Timofeev, Artyom"]
[Black "Gurevich, Dmitry"]
[WhiteFideId "4140419"]
[BlackFideId "2000407"]
[WhiteElo "2582"]
[BlackElo "2506"]
[Result "1-0"]
[Round "02"]
[TimeControl "180+1"]
[Date "2021.05.25"]
[WhiteClock "0:00:26"]
[BlackClock "0:00:03"]

1. c4 e6 2. Nf3 d5 3. b3 Nf6 4. Bb2 Be7 5. e3 O-O 6. Be2 c6 7. O-O a5 8. Nc3 Nbd7 9. Qc2 b6 10. d4 Bb7 11. Rad1 Qb8 12. h3 Rc8 13. a4 c5 14. Nb5 cxd4 15. exd4 dxc4 16. bxc4 Be4 17. Qb3 Qb7 18. Ba3 Nf8 19. Nd6 Bxd6 20. Bxd6 Ng6 21. Rfe1 Bc6 22. Bh2 Rd8 23. Rb1 Qd7 24. Bd1 Ra6 25. Ra1 Ne4 26. Be2 Raa8 27. Qe3 Nd6 28. Bd3 Bxa4 29. Bxg6 hxg6 30. Ne5 Qe8 31. d5 Nf5 32. Qxb6 Rdb8 33. Qc5 exd5 34. cxd5 Rc8 35. Qa3 Qd8 36. Qxa4 1-0


[Site "https://www.chess.com"]

[Event "Titled Tuesday Blitz May 25 2021"]
[White "Trimitzios, Petros"]
[Black "Grochal, Joey"]
[WhiteFideId "25808796"]
[BlackFideId "1019945"]
[WhiteElo "2049"]
[BlackElo "2265"]
[Result "1-0"]
[Round "02"]
[TimeControl "180+1"]
[Date "2021.05.25"]
[WhiteClock "0:00:33"]
[BlackClock "0:01:06"]

1. c4 e6 2. Nc3 d5 3. d4 Nf6 4. Bf4 Bb4 5. e3 O-O 6. Bd3 dxc4 7. Bxc4 c5 8. Ne2 Nc6 9. a3 cxd4 10. axb4 dxc3 11. bxc3 Nd5 12. Bg3 Qf6 13. Qc1 b6 14. O-O Bb7 15. e4 Nde7 16. Qe3 Ne5 17. Bb3 Rfd8 18. Nd4 N5c6 19. Nb5 Ng6 20. Nd6 Bc8 21. Nxc8 Raxc8 22. f4 e5 23. fxe5 Qe7 24. Rxf7 Qxf7 25. Bxf7+ Kxf7 26. e6+ Kxe6 27. Rf1 Nce5 28. Qg5 Rd7 29. Qf5+ 1-0


[Site "https://www.chess.com"]

[Event "Titled Tuesday Blitz May 25 2021"]
[White "Turzo, Attila"]
[Black "Araujo Sanchez, Josue"]
[WhiteFideId "704954"]
[BlackFideId "6416896"]
[WhiteElo "2484"]
[BlackElo "2140"]
[Result "0-1"]
[Round "02"]
[TimeControl "180+1"]
[Date "2021.05.25"]
[WhiteClock "0:00:29"]
[BlackClock "0:00:51"]

1. d4 Nf6 2. Nf3 e6 3. Bf4 b6 4. e3 Bb7 5. Nbd2 Be7 6. h3 O-O 7. Bd3 d6 8. a4 Nbd7 9. a5 a6 10. axb6 cxb6 11. c4 e5 12. dxe5 dxe5 13. Bxe5 Nxe5 14. Nxe5 Bb4 15. Be2 Bxg2 16. Rg1 Bxh3 17. Qc2 Re8 18. Nf3 Ne4 19. Bd3 Nxd2 20. Nxd2 Qh4 21. O-O-O Qxf2 22. Bxh7+ Kf8 23. Qb3 Bxd2+ 24. Kb1 Bf5+ 25. Bxf5 Qxf5+ 26. Ka2 Rad8 27. Qa3+ Qc5 28. Qxc5+ bxc5 29. Rg5 Bxe3 30. Rxd8 Rxd8 31. Re5 Bd4 32. Rf5 Ke7 33. Kb3 Rd6 34. Kc2 g6 35. Rg5 f5 36. b3 Kf6 37. Rg2 Re6 38. Kd3 g5 39. Rg3 f4 40. Rg4 Re3+ 41. Kc2 Rc3+ 42. Kd2 Rg3 43. Rxg3 fxg3 44. Ke2 g2 45. b4 g1=Q 46. bxc5 Qe3+ 47. Kd1 Qc3 48. c6 Qxc4 49. c7 Qxc7 50. Ke2 Qf4 51. Kd3 Qe3+ 52. Kc4 Qc3+ 53. Kd5 Qc5+ 54. Ke4 a5 55. Kd3 a4 56. Ke4 a3 57. Kd3 a2 58. Ke4 a1=Q 59. Kd3 Qb1+ 60. Ke2 Qe5+ 61. Kf3 Qbe4# 0-1


[Site "https://www.chess.com"]

[Event "Titled Tuesday Blitz May 25 2021"]
[White "Urazayev, Arystanbek"]
[Black "Grunberg, Mihai-Lucian"]
[WhiteFideId "13709810"]
[BlackFideId "1204149"]
[WhiteElo "2321"]
[BlackElo "2364"]
[Result "1-0"]
[Round "02"]
[TimeControl "180+1"]
[Date "2021.05.25"]
[WhiteClock "0:01:03"]
[BlackClock "0:00:41"]

1. d4 f5 2. Nf3 Nf6 3. Bf4 g6 4. e3 Bg7 5. Nbd2 O-O 6. h3 c6 7. Bd3 d5 8. O-O Ne4 9. c4 Nd7 10. Qb3 e6 11. Rac1 Qe7 12. Rfd1 a5 13. Qa3 Qxa3 14. bxa3 h6 15. c5 g5 16. Bc7 Ndf6 17. a4 Ne8 18. Bb6 g4 19. hxg4 fxg4 20. Bxe4 dxe4 21. Ne5 Nf6 22. Ndc4 h5 23. g3 Nh7 24. Kg2 Ng5 25. Rh1 Nh3 26. Rc2 Rf5 27. Nd6 Rf8 28. Nxe4 Bxe5 29. dxe5 Bd7 30. Nf6+ Rxf6 31. exf6 Kf7 32. Rd2 Be8 33. Rd8 Rxd8 34. Bxd8 e5 35. Rb1 Ke6 36. Rxb7 Bg6 37. f7 Bxf7 38. Bxa5 Bg6 39. Bb6 Be4+ 40. Kf1 Ng5 41. a5 Nf3 42. Ke2 Bd5 43. Ra7 Bc4+ 44. Kd1 h4 45. gxh4 Nxh4 46. a6 Nf5 47. Ra8 g3 48. fxg3 Nxe3+ 49. Kc1 Kf5 50. a7 Ke4 51. Re8 1-0


[Site "https://www.chess.com"]

[Event "Titled Tuesday Blitz May 25 2021"]
[White "Vaishali, Rameshbabu"]
[Black "Ognean, Mihnea-Ionut"]
[WhiteFideId "5091756"]
[BlackFideId "1232347"]
[WhiteElo "2313"]
[BlackElo "2012"]
[Result "0-1"]
[Round "02"]
[TimeControl "180+1"]
[Date "2021.05.25"]
[WhiteClock "0:00:01"]
[BlackClock "0:00:13"]

1. Nf3 d5 2. g3 Nd7 3. d4 Nb6 4. Nbd2 Nf6 5. Bg2 Bf5 6. O-O h6 7. c4 e6 8. Qb3 dxc4 9. Nxc4 Be4 10. Ncd2 Bd5 11. Qc2 Bxf3 12. Nxf3 Be7 13. e4 O-O 14. Be3 c6 15. Rac1 a5 16. a4 Bb4 17. b3 Qe7 18. Rfd1 Nbd7 19. h3 Rfe8 20. g4 Rad8 21. g5 hxg5 22. Bxg5 e5 23. Nh4 g6 24. f4 exf4 25. e5 Nxe5 26. dxe5 Rxd1+ 27. Rxd1 Qxe5 28. Nf3 Qe3+ 29. Kh2 Ne4 30. Rd3 Qc5 31. Qxc5 Nxc5 32. Rd1 Ne6 33. Bf6 Be7 34. Bc3 g5 35. Bf1 Bd8 36. Ne5 f6 37. Ng4 Kf7 38. Bd3 Bc7 39. Bf5 Rd8 40. Re1 f3+ 41. Kg1 Nf4 42. Nxf6 Ne2+ 43. Kf2 Nxc3 44. Nh5 Nd5 45. Kxf3 Rf8 46. Kg4 Bf4 47. Nxf4 gxf4 48. Be6+ Kf6 49. Re4 Rd8 50. Bxd5 cxd5 51. Rxf4+ Ke5 0-1


[Site "https://www.chess.com"]

[Event "Titled Tuesday Blitz May 25 2021"]
[White "Vlassov, Nikolai"]
[Black "Tari, Aryan"]
[WhiteFideId "4103360"]
[BlackFideId "1510045"]
[WhiteElo "2407"]
[BlackElo "2656"]
[Result "0-1"]
[Round "02"]
[TimeControl "180+1"]
[Date "2021.05.25"]
[WhiteClock "0:00:18"]
[BlackClock "0:00:07"]

1. e4 c5 2. c3 Nf6 3. e5 Nd5 4. d4 cxd4 5. cxd4 d6 6. Bc4 Nb6 7. Bb3 Nc6 8. e6 fxe6 9. Nf3 g6 10. h4 Bg7 11. h5 Nd5 12. Nc3 Qb6 13. hxg6 hxg6 14. Rxh8+ Bxh8 15. Be3 Nxe3 16. fxe3 Bd7 17. Qd3 O-O-O 18. Qxg6 e5 19. d5 Qxe3+ 20. Kf1 Nd4 21. Re1 Qf4 22. Qe4 Qg3 23. Qh4 Qg6 24. Ne4 Rg8 25. Qf2 Bb5+ 26. Kg1 Rf8 27. Re3 Bg7 28. Qg3 Qxg3 29. Nxg3 Nxb3 30. axb3 Bh6 31. Rc3+ Kd7 32. Ne4 a5 33. b4 axb4 34. Rb3 Bc4 35. Rxb4 Bxd5 36. Nc3 Bc6 37. Rh4 Be3+ 38. Kh2 b5 39. Ne4 b4 40. b3 Bf4+ 41. Rxf4 Rxf4 42. Nf2 Bxf3 43. gxf3 Rxf3 44. Ne4 Rxb3 45. Kg2 Rd3 46. Kf2 b3 47. Ke2 b2 48. Kxd3 b1=Q+ 49. Ke3 d5 50. Nc5+ Kd6 51. Nd3 d4+ 52. Ke4 Ke6 0-1


[Site "https://www.chess.com"]

[Event "Titled Tuesday Blitz May 25 2021"]
[White "Vovk, Orest"]
[Black "Leitao, Rafael"]
[WhiteFideId "14113490"]
[BlackFideId "2101246"]
[WhiteElo "2203"]
[BlackElo "2609"]
[Result "0-1"]
[Round "02"]
[TimeControl "180+1"]
[Date "2021.05.25"]
[WhiteClock "0:00:03"]
[BlackClock "0:00:25"]

1. h3 g6 2. g4 Bg7 3. Bg2 d5 4. d4 h5 5. g5 c5 6. c3 cxd4 7. cxd4 Nc6 8. Nf3 Bf5 9. O-O e6 10. Bf4 Be4 11. e3 Nge7 12. Nc3 Bxf3 13. Qxf3 Nf5 14. Rac1 Nh4 15. Qe2 Nxg2 16. Kxg2 O-O 17. h4 a6 18. Na4 e5 19. dxe5 Nxe5 20. Bxe5 Bxe5 21. f4 Bg7 22. f5 Re8 23. Qd3 Re4 24. Rf4 Qe8 25. Qxd5 Rxf4 26. exf4 Qxa4 27. fxg6 Qxf4 28. Qxf7+ Qxf7 29. gxf7+ Kxf7 30. Rc7+ Kg6 31. Rxb7 Be5 32. Rb6+ Kf5 33. Kf3 Rd8 34. Rxa6 Rd3+ 35. Ke2 Rh3 36. b4 Rxh4 37. b5 Rb4 38. a4 Kxg5 39. b6 h4 40. Ra5 Kf4 41. Rb5 Re4+ 42. Kf1 h3 43. b7 h2 44. Kg2 Re2+ 45. Kh1 Kg3 46. Rb3+ Kf2 47. Rb1 Bb8 48. a5 Re5 49. a6 Rg5 50. Rb2+ Kf3 51. Rb3+ Ke4 52. Rb4+ Kd3 0-1


[Site "https://www.chess.com"]

[Event "Titled Tuesday Blitz May 25 2021"]
[White "Wieczorek, Oskar"]
[Black "Senft, Sean"]
[WhiteFideId "1133950"]
[BlackFideId "2044960"]
[WhiteElo "2258"]
[BlackElo "1881"]
[Result "1-0"]
[Round "02"]
[TimeControl "180+1"]
[Date "2021.05.25"]
[WhiteClock "0:00:01"]
[BlackClock "0:00:20"]

1. e4 c5 2. Nf3 d6 3. d4 cxd4 4. Nxd4 Nf6 5. Nc3 a6 6. f4 e6 7. Qf3 Be7 8. g4 Nc6 9. Nb3 Qc7 10. g5 Nd7 11. Be3 b5 12. O-O-O Bb7 13. Qh3 Nb6 14. g6 Bf6 15. gxf7+ Qxf7 16. Bxb6 Rc8 17. Kb1 Nb4 18. Bd4 e5 19. fxe5 dxe5 20. Bc5 Be7 21. Bxe7 Qxe7 22. Be2 Nxc2 23. Kxc2 b4 24. Qe3 bxc3 25. bxc3 O-O 26. Kb2 a5 27. Ka1 a4 28. Nd2 Rc7 29. Rc1 Rfc8 30. c4 Ba6 31. Rhd1 Rb8 32. Nb1 Qb4 33. Qc3 Qe7 34. Na3 Rcb7 35. Rb1 h6 36. Rxb7 Rxb7 37. Rb1 Rd7 38. Rd1 Rb7 39. Nb5 Qc5 40. Qd2 a3 41. Qd5+ Qxd5 42. exd5 Bxb5 43. cxb5 Kf8 44. d6 Ke8 45. Bc4 Kd7 46. Kb1 Rb6 47. Kc2 g5 48. Kc3 h5 49. Kb4 g4 50. Kc5 Rb8 51. Bd5 h4 52. Bc6+ Kd8 53. d7 Kc7 54. b6+ Kd8 55. Rd6 g3 56. hxg3 hxg3 57. Rg6 Ke7 58. Rg7+ Kf6 59. Rxg3 Kf5 60. Rf3+ Ke6 61. b7 Ke7 62. Kd5 Kd8 63. Rxa3 Kc7 64. Ra8 e4 65. Rxb8 e3 66. Rc8+ Kb6 67. Re8 Ka5 68. Rxe3 Ka6 69. b8=N+ Ka7 70. Kd6 Kb6 71. Rb3+ Ka7 72. Ba4 Ka8 73. Kc7 Ka7 74. Nc6+ Ka6 75. Bb5# 1-0


[Site "https://www.chess.com"]

[Event "Titled Tuesday Blitz May 25 2021"]
[White "Wong, Yinn Long"]
[Black "Titus, Andrew"]
[WhiteFideId "5707684"]
[BlackFideId "2059770"]
[WhiteElo "2016"]
[BlackElo "2044"]
[Result "1-0"]
[Round "02"]
[TimeControl "180+1"]
[Date "2021.05.25"]
[WhiteClock "0:00:10"]
[BlackClock "0:00:08"]

1. e4 c5 2. Nc3 Nc6 3. Bb5 Nd4 4. Nf3 e6 5. O-O a6 6. Bd3 Qc7 7. Nxd4 cxd4 8. Ne2 Bc5 9. c3 dxc3 10. dxc3 Ne7 11. Bf4 e5 12. Bg3 d6 13. b4 Ba7 14. c4 h5 15. h3 h4 16. Bh2 Be6 17. Rc1 Nc6 18. Kh1 g5 19. c5 dxc5 20. bxc5 O-O-O 21. Nc3 Nb4 22. Nd5 Nxd5 23. exd5 Rxd5 24. c6 b5 25. Qe2 Rhd8 26. Be4 Rd2 27. Qf3 Bd4 28. a3 Bc4 29. Rxc4 bxc4 30. Rb1 Rb2 31. Rd1 c3 32. Qf5+ Kb8 33. Rxd4 Rxd4 34. Bxe5 Rd6 35. Bxd6 Qxd6 36. Qxf7 c2 37. Qg8+ Ka7 38. Qg7+ Ka8 39. c7+ Qd5 40. Bxd5+ Ka7 41. c8=Q+ Kb6 42. Qxb2+ Ka5 43. Qc5+ Ka4 44. Qcb4# 1-0


[Site "https://www.chess.com"]

[Event "Titled Tuesday Blitz May 25 2021"]
[White "Yoo, Christopher Woojin"]
[Black "Potapova, Margarita"]
[WhiteFideId "30909694"]
[BlackFideId "14126869"]
[WhiteElo "2009"]
[BlackElo "2229"]
[Result "1/2-1/2"]
[Round "02"]
[TimeControl "180+1"]
[Date "2021.05.25"]
[WhiteClock "0:00:02"]
[BlackClock "0:00:18"]

1. e4 c5 2. Nc3 d6 3. Bb5+ Nd7 4. d4 cxd4 5. Qxd4 a6 6. Bxd7+ Bxd7 7. Nge2 e5 8. Qd3 h6 9. Nd5 Nf6 10. Nxf6+ Qxf6 11. Nc3 Be6 12. Nd5 Qd8 13. O-O Be7 14. Be3 Bxd5 15. Qxd5 O-O 16. Qxb7 Bg5 17. Bxg5 Qxg5 18. Qd5 Rac8 19. c4 Rc5 20. Qd3 Rfc8 21. b3 R5c6 22. Rad1 a5 23. Qe2 a4 24. Rd5 axb3 25. axb3 Rb6 26. Qd3 Rcb8 27. Rb1 Qe7 28. h3 Qb7 29. Rxd6 Rxb3 30. Rd8+ Rxd8 31. Qxd8+ Kh7 32. Rxb3 Qxb3 33. Qd5 Qb1+ 34. Kh2 f6 35. c5 Qc2 36. f3 Qc1 37. c6 Qf4+ 38. Kg1 Qc1+ 39. Kf2 h5 40. h4 Qc2+ 41. Kg3 Qc1 42. Kh2 Qe1 43. Qe6 Qxh4+ 44. Qh3 Qf4+ 45. g3 Qd2+ 46. Kh1 Qc1+ 47. Kg2 Qd2+ 48. Kg1 Qc1+ 49. Kh2 Qc2+ 50. Kh1 Qc1+ 51. Kg2 Qc2+ 52. Kf1 Qxc6 53. Qxh5+ Kg8 54. Kg2 Qc2+ 55. Kh3 Qc8+ 56. Qf5 Qc1 57. Qe6+ Kf8 58. Qd6+ Kg8 59. Qe6+ Kh7 60. Kg4 Qg5+ 61. Kh3 Qc1 62. Qf5+ Kg8 63. Qe6+ 1/2-1/2


[Site "https://www.chess.com"]

[Event "Titled Tuesday Blitz May 25 2021"]
[White "Zhukova, Natalia"]
[Black "Nazaretyan, Tigran"]
[WhiteFideId "14101513"]
[BlackFideId "24162345"]
[WhiteElo "2369"]
[BlackElo "2247"]
[Result "0-1"]
[Round "02"]
[TimeControl "180+1"]
[Date "2021.05.25"]
[WhiteClock "0:00:05"]
[BlackClock "0:00:24"]

1. c4 Nf6 2. Nc3 g6 3. e4 d6 4. d4 Bg7 5. f4 O-O 6. Nf3 c5 7. d5 e6 8. dxe6 Bxe6 9. Bd3 Nc6 10. f5 Bd7 11. O-O a6 12. Bg5 h6 13. e5 dxe5 14. Bxf6 Qxf6 15. Nd5 Qd8 16. fxg6 f5 17. Bc2 e4 18. Nd2 Qg5 19. Nf4 Rad8 20. Qh5 Bxb2 21. Rab1 Bd4+ 22. Kh1 Nb4 23. Bxe4 fxe4 24. Nxe4 Qxh5 25. Nxh5 Rxf1+ 26. Rxf1 Rf8 27. Re1 Bf5 28. g7 Rd8 29. h3 Bxe4 30. Rxe4 Bxg7 31. Re7 Rd1+ 32. Kh2 Bf8 33. Rxb7 Bd6+ 34. g3 Rd2+ 35. Kh1 Rc2 36. Rd7 Be5 37. Rd5 Bd4 38. Rd6 Rxc4 39. Rxh6 Rc1+ 40. Kg2 Nxa2 41. Rxa6 Nb4 42. Kf3 Nxa6 0-1


[Site "https://www.chess.com"]

[Event "Titled Tuesday Blitz May 25 2021"]
[White "elohunter1999"]
[Black "Timmermans, Mark"]
[BlackFideId "1026399"]
[WhiteElo "2549"]
[BlackElo "2460"]
[Result "1/2-1/2"]
[Round "02"]
[TimeControl "180+1"]
[Date "2021.05.25"]
[WhiteClock "0:00:01"]
[BlackClock "0:00:07"]

1. d4 Nf6 2. c4 e6 3. Nc3 Bb4 4. Qc2 O-O 5. a3 Bxc3+ 6. Qxc3 b5 7. cxb5 c6 8. bxc6 Nxc6 9. Nf3 Ne4 10. Qc2 Qa5+ 11. Bd2 Nxd2 12. Qxd2 Qxd2+ 13. Kxd2 a5 14. e3 a4 15. Bd3 Rb8 16. Rab1 Na5 17. Ke2 Bb7 18. Rhc1 Rfd8 19. g3 f6 20. Nd2 Kf7 21. Rc5 Ra8 22. b4 axb3 23. Nxb3 Nxb3 24. Rxb3 Bc6 25. Bb5 Bxb5+ 26. Rcxb5 Ke7 27. Kd2 Rdc8 28. g4 Rc4 29. R5b4 Rc6 30. a4 h5 31. h3 hxg4 32. hxg4 Rca6 33. Ra3 Rc8 34. a5 Kd6 35. f3 Rh8 36. Kd3 Rh1 37. Ke4 Rd1 38. Rb5 g6 39. g5 f5+ 40. Kf4 Rc1 41. Rb6+ Rxb6 42. axb6 Rb1 43. Ra6 Ke7 44. Ke5 Rb5+ 45. Kf4 Kd6 46. e4 Kc6 47. d5+ Kd6 48. b7+ Ke7 49. dxe6 dxe6 50. exf5 Rxf5+ 51. Kg4 Rb5 52. Ra7 Kd6 53. b8=Q+ Rxb8 54. Rg7 Ke5 55. f4+ Ke4 56. Rxg6 Kd5 57. Rf6 Rb1 58. g6 Kd6 59. Kg5 Rg1+ 60. Kh6 Ke7 61. Rf7+ Kd6 62. Kg7 Kd5 63. Kf6 Rg4 64. Ke7 Rxg6 65. Rf6 Rg7+ 66. Kf8 Rb7 67. Rf7 Rb6 68. Kg7 Ke4 69. Kg6 Rb5 70. Kf6 Kd5 71. Ke7 Rb7+ 72. Kf6 Rb4 73. Kg7 Kd6 74. Rf6 Ke7 75. Rf7+ Ke8 76. Rf6 Re4 77. Kg6 Ke7 78. Rf7+ Kd6 79. Rf6 Re1 80. Kf7 Kd7 81. Kf8 Rf1 82. Kf7 Kd6 83. Kg6 Kd5 84. Kf7 Rf3 85. Ke7 Rf2 86. Kf7 Re2 87. Kg6 Re4 88. Kf7 Ra4 89. Kg6 e5 90. f5 Rg4+ 91. Kf7 e4 92. Re6 Rg5 93. Kf6 Rg4 94. Re8 Kd4 95. Rd8+ Ke3 96. Ke7 Rf4 97. f6 Kf2 98. f7 e3 99. Rd6 e2 100. Re6 e1=Q 101. Rxe1 Rxf7+ 102. Kxf7 Kxe1 1/2-1/2


[Site "https://www.chess.com"]

[Event "Titled Tuesday Blitz May 25 2021"]
[White "Abdusattorov, Nodirbek"]
[Black "Ozen, Bahadir"]
[WhiteFideId "14204118"]
[BlackFideId "6337058"]
[WhiteElo "2662"]
[BlackElo "2503"]
[Result "1/2-1/2"]
[Round "03"]
[TimeControl "180+1"]
[Date "2021.05.25"]
[WhiteClock "0:00:06"]
[BlackClock "0:00:22"]

1. Nf3 d5 2. b3 Bf5 3. Bb2 e6 4. e3 Nf6 5. Be2 h6 6. O-O Be7 7. d3 O-O 8. Nbd2 Bh7 9. c4 a5 10. a3 c6 11. Qc2 Nbd7 12. Bc3 Bd6 13. Qb2 Qe7 14. b4 axb4 15. axb4 e5 16. d4 exd4 17. Nxd4 Ne5 18. c5 Bc7 19. N4f3 Ned7 20. Bd4 Bf5 21. Rfc1 Rfe8 22. b5 Rxa1 23. Qxa1 Ne5 24. Nxe5 Bxe5 25. Bxe5 Qxe5 26. Qxe5 Rxe5 27. Nf3 Re8 28. Nd4 Bd7 29. Bd3 g6 30. h3 Ra8 31. f3 h5 32. Kf2 Kf8 33. Rb1 Ra2+ 34. Kg3 h4+ 35. Kh2 Ra3 36. bxc6 Bxc6 37. Bb5 Nd7 38. Bxc6 bxc6 39. Nxc6 Nxc5 40. Re1 Ne6 41. Kg1 Ra2 42. Kf1 Rc2 43. Nb4 Rd2 44. Re2 Rd1+ 45. Re1 Rd2 46. Re2 Rd1+ 47. Kf2 d4 48. Ra2 dxe3+ 49. Kxe3 Rb1 50. Nd5 Kg7 51. Nc3 Rb3 52. Rc2 Ra3 53. Ke4 Ng5+ 54. Kd5 Ne6 55. Ne4 Ra5+ 56. Kd6 Ra6+ 57. Ke5 Ra5+ 58. Kd6 Ra6+ 59. Kd5 Ra5+ 60. Kc4 Nf4 61. Rb2 Ra7 62. Kd4 Rd7+ 63. Ke3 Ne6 64. Ra2 Rb7 65. Nd6 Rb3+ 66. Kf2 Rb6 67. Nc4 Rc6 68. Ne5 Rc5 69. Nd3 Rc3 70. Ke2 Rc7 71. Ke3 Re7 72. Kf2 Rb7 73. Ra4 Rb3 74. Ne5 Rb2+ 75. Kf1 Rb5 76. Nc6 Rc5 77. Ne7 Rc7 78. Nd5 Rc5 79. Ne3 Rc7 80. Rxh4 Rc3 81. Kf2 Ra3 82. Rc4 Ra2+ 83. Kg3 Ra5 84. h4 Ra3 85. Kf2 Ra2+ 86. Rc2 Ra3 87. g3 Nd4 88. Rd2 Ne6 89. Nc4 Rc3 90. Ne5 Rc5 91. f4 Rc7 92. Kf3 Rc3+ 93. Kf2 Rc7 94. Kf3 Rc3+ 95. Rd3 Rc7 96. Rd7 Rxd7 97. Nxd7 f5 98. Ne5 Kf6 99. Ke3 Ng7 100. Nc4 Nh5 101. Kf3 Ke6 102. Ne5 Kf6 103. Nc6 Ke6 104. Kf2 Kf6 105. Nd4 Ng7 106. Ke3 Nh5 107. Ne2 Ke6 108. Kd4 Kd6 109. Kc4 Kc6 110. Kd4 Kd6 111. Ke3 Ke6 112. Kf3 Kf6 113. Nc1 Ke6 114. Nd3 Kf6 115. Nc5 Ng7 116. g4 fxg4+ 117. Kxg4 Nf5 118. Nd7+ Ke7 119. Ne5 Kf6 120. Nd7+ Ke7 121. Nb6 Kf6 122. Na4 Nh6+ 123. Kf3 Nf5 124. Nc5 Nxh4+ 125. Kg4 Nf5 126. Ne4+ Kg7 127. Kg5 Nd4 128. Nd6 Ne6+ 129. Kg4 Kf6 130. Ne4+ Kg7 131. Ng5 Nxf4 132. Kxf4 Kf6 133. Ne4+ Ke7 134. Kg5 Kd8 135. Nd6 Kd7 136. Nf7 Kc6 137. Ne5+ Kc5 138. Nxg6 1/2-1/2


[Site "https://www.chess.com"]

[Event "Titled Tuesday Blitz May 25 2021"]
[White "Aliavdin, Nikolai"]
[Black "Enriquack"]
[WhiteFideId "13502883"]
[WhiteElo "2268"]
[BlackElo "2410"]
[Result "1-0"]
[Round "03"]
[TimeControl "180+1"]
[Date "2021.05.25"]
[WhiteClock "0:01:09"]
[BlackClock "0:00:31"]

1. e4 c5 2. Nf3 e6 3. c3 d5 4. exd5 Qxd5 5. d4 Nf6 6. Na3 Nc6 7. Be3 cxd4 8. Nb5 Qd8 9. Nbxd4 Nxd4 10. Bxd4 Be7 11. Bb5+ Bd7 12. Qe2 O-O 13. O-O-O Bxb5 14. Qxb5 Qd5 15. Qxd5 Nxd5 16. g3 b5 17. Kb1 a5 18. Rhe1 Rfc8 19. Rc1 Ra6 20. Nd2 Rac6 21. f4 g6 22. Nf3 f6 23. Bf2 Kf7 24. Nd4 Ra6 25. Nxb5 Rb8 26. a4 Rc6 27. Re4 Nb6 28. Bxb6 Rbxb6 29. Rd1 Rb7 30. Kc2 h5 31. Red4 h4 32. Rd7 Rxd7 33. Rxd7 hxg3 34. hxg3 Rc4 35. Nd6+ 1-0


[Site "https://www.chess.com"]

[Event "Titled Tuesday Blitz May 25 2021"]
[White "Andreikin, Dmitry"]
[Black "Rosenberg, Evan S"]
[WhiteFideId "4158814"]
[BlackFideId "2019299"]
[WhiteElo "2782"]
[BlackElo "2164"]
[Result "1-0"]
[Round "03"]
[TimeControl "180+1"]
[Date "2021.05.25"]
[WhiteClock "0:01:39"]
[BlackClock "0:00:01"]

1. d4 d5 2. c4 c6 3. Nf3 Nf6 4. e3 e6 5. Nbd2 Be7 6. Bd3 O-O 7. O-O c5 8. b3 Nc6 9. Bb2 a6 10. dxc5 Bxc5 11. Rc1 Ba7 12. Ng5 d4 13. exd4 Bxd4 14. Bxd4 Qxd4 15. Ndf3 Qg4 16. h3 Qh5 17. Ne4 Nxe4 18. Bxe4 e5 19. Re1 Be6 20. Bxc6 bxc6 21. Nxe5 Qg5 22. Qf3 c5 23. Qe3 Qxe3 24. Rxe3 a5 25. Nd3 Rfc8 26. Re5 a4 27. Nxc5 axb3 28. axb3 Ra5 29. b4 Ra2 30. Nxe6 fxe6 31. Rxe6 Rd8 32. Re3 Rdd2 33. Rf3 Rab2 34. b5 h5 35. h4 Kh7 36. g3 Kg6 37. Rf4 Kh6 38. Kg2 Kg6 39. Re1 1-0


[Site "https://www.chess.com"]

[Event "Titled Tuesday Blitz May 25 2021"]
[White "Aradhya, Garg"]
[Black "Kovalev, Vladislav"]
[WhiteFideId "25006746"]
[BlackFideId "13504398"]
[WhiteElo "2146"]
[BlackElo "2573"]
[Result "0-1"]
[Round "03"]
[TimeControl "180+1"]
[Date "2021.05.25"]
[WhiteClock "0:00:05"]
[BlackClock "0:00:13"]

1. d4 Nf6 2. c4 g6 3. g3 Bg7 4. Bg2 O-O 5. Nc3 d6 6. Nf3 Nc6 7. O-O e5 8. d5 Nb8 9. e4 a5 10. Bg5 h6 11. Bd2 Na6 12. Ne1 Nc5 13. Rc1 Ne8 14. Be3 b6 15. Qd2 Kh7 16. f4 exf4 17. gxf4 f5 18. e5 dxe5 19. fxe5 Bxe5 20. Bxh6 Bxh2+ 21. Kxh2 Qh4+ 22. Kg1 Qxh6 23. Qxh6+ Kxh6 24. Nf3 Nd6 25. Nd4 Bd7 26. b3 Rae8 27. Rce1 Kg7 28. a3 Kf6 29. Bh3 Rxe1 30. Rxe1 Re8 31. Rxe8 Bxe8 32. b4 axb4 33. axb4 Nd3 34. Ne6 c5 35. bxc5 Nxc5 36. Nc7 Bd7 37. Bf1 Ke5 38. Kf2 Kd4 39. Ne2+ Ke5 40. Ng1 Nde4+ 41. Ke3 g5 42. Nf3+ Kd6 43. Na8 Na4 44. Kd4 Bc8 45. Bd3 Nec5 46. Nxg5 Nxd3 47. Kxd3 Bb7 48. Nxb6 Nxb6 49. Kd4 Nd7 50. Ne6 Ke7 51. c5 Nf6 52. c6 Bc8 53. Ke5 Nxd5 54. Nd4 Ne3 55. c7 Nc4+ 56. Kf4 Kf6 57. Nb5 Bd7 58. Na7 Nd6 59. Ke3 Nc8 60. Nxc8 Bxc8 61. Kf4 Ke6 62. Ke3 Kd6 63. Kf4 Kxc7 0-1


[Site "https://www.chess.com"]

[Event "Titled Tuesday Blitz May 25 2021"]
[White "Araujo Sanchez, Josue"]
[Black "Bortnyk, Olexandr"]
[WhiteFideId "6416896"]
[BlackFideId "14120828"]
[WhiteElo "2140"]
[BlackElo "2723"]
[Result "1-0"]
[Round "03"]
[TimeControl "180+1"]
[Date "2021.05.25"]
[WhiteClock "0:00:08"]
[BlackClock "0:00:05"]

1. Nf3 Nf6 2. c4 d6 3. b3 e5 4. Bb2 Nc6 5. g3 Bg4 6. Bg2 Qd7 7. h3 Bxf3 8. Bxf3 g6 9. d3 Bg7 10. Nc3 O-O 11. Bg2 a6 12. O-O Rab8 13. Rc1 Nh5 14. e3 f5 15. Nd5 Ne7 16. Nxe7+ Qxe7 17. Qe2 c6 18. b4 Qd7 19. a4 Rbe8 20. Qc2 f4 21. g4 Bh6 22. Qe2 Ng7 23. b5 Ne6 24. bxc6 bxc6 25. Ba1 Ng5 26. exf4 Rxf4 27. Rb1 Ref8 28. c5 Nf3+ 29. Bxf3 Rxf3 30. Kg2 Bg5 31. cxd6 Bh4 32. Qxe5 Rxf2+ 33. Rxf2 Rxf2+ 34. Kg1 Bf6 35. Qe3 Bh4 36. Rb8+ Rf8 37. Rxf8+ Kxf8 38. Qe5 Qa7+ 39. Bd4 Qf7 40. Bc5 Kg8 41. g5 Qf5 42. Qe8+ Qf8 43. d7 1-0


[Site "https://www.chess.com"]